 Dungeon Crawl Stone Soup version 0.28-a0-1524-ge72afd5fc6 (webtiles) character file.

Game seed: 6464222163760900229

128 frimble the Cutter (level 4, -4/33 HPs)
             Began as a Demonspawn Warper on Jan 18, 2022.
             Killed by divine providence
             ... invoked by an orc priest
              (11 damage)
             ... on level 5 of the Dungeon.
             The game lasted 00:04:17 (4657 turns).

frimble the Cutter (Demonspawn Warper)              Turns: 4657, Time: 00:04:18

Health: -4/33      AC:  4    Str: 12    XL:     4   Next: 86%
Magic:  7/7        EV: 13    Int: 16    God:
Gold:   109        SH:  4    Dex: 18    Spells: 7/7 levels left

rFire   . . .      SeeInvis .   a - +0 short sword
rCold   . . .      Faith    .   (no shield)
rNeg    . . .      Spirit   .   b - +0 leather armour
rPois   .          Reflect  .   (helmet restricted)
rElec   .          Harm     .   (no cloak)
rCorr   .          Rampage  .   (no gloves)
Will    .....                   h - +0 pair of boots
Stlth   +.........              (no amulet)
HPRegen 0.11/turn               g - +6 ring of dexterity
MPRegen 0.10/turn               (no ring)

@: attractive
A: antennae 1, powered by pain 1, condensation shield
a: no special abilities


You were on level 5 of the Dungeon.
You visited 1 branch of the dungeon, and saw 5 of its levels.

You collected 109 gold pieces.

Inventory:

Hand Weapons
 a - a +0 short sword (weapon)
Missiles
 o - 5 boomerangs (quivered)
 q - 6 javelins
Armour
 b - a +0 leather armour (worn)
 h - a +0 pair of boots (worn)
Jewellery
 g - a +6 ring of dexterity (left hand)
 m - a ring of positive energy
Scrolls
 c - a scroll of blinking
 e - a scroll of identify
 l - a scroll of fear {unknown}
 n - a scroll of magic mapping
Potions
 f - a potion of heal wounds
 p - 2 potions of lignification {unknown}
 r - a potion of degeneration {unknown}


   Skills:
 - Level 2.0 Fighting
 + Level 3.8 Short Blades
 - Level 0.8 Throwing
 - Level 0.8 Armour
 + Level 3.1 Dodging
 - Level 2.0 Spellcasting
 - Level 2.6 Translocations


You had 7 spell levels left.
You didn't know any spells.
Your spell library contained the following spells:

 Spells                   Type           Power      Damage    Failure   Level
 Apportation              Tloc           20%        N/A       9%          1
 Blink                    Tloc           20%        N/A       13%         2
 Animate Skeleton         Necr           2%         N/A       26%         1
 Summon Small Mammal      Summ           4%         N/A       26%         1
 Gell's Gravitas          Tloc           10%        N/A       26%         3
 Lesser Beckoning         Tloc           10%        N/A       26%         3
 Teleport Other           Tloc           10%        N/A       26%         3
 Tukima's Dance           Hex            1%         N/A       61%         3
 Manifold Assault         Tloc           10%        N/A       94%         5
 Anguish                  Hex/Necr       0%         N/A       95%         4
 Enfeeble                 Hex            0%         N/A       100%        7


Dungeon Overview and Level Annotations

Branches:
Dungeon (5/15)
 Temple: D:4-7

Altars:

Shops:
D:1 ((***


Innate Abilities, Weirdness & Mutations

You have a pair of small antennae on your head.
You sometimes gain a little power by taking damage.
A meltable shield of frost defends you. (SH +4)


Message History

You throw a boomerang of dispersal.
The boomerang of dispersal hits the orc wizard but does no damage.
Throw: 2 boomerangs (disperse)
Press: ? - help, Q - select action, (/) - cycle Shift-Dir - straight line, f/p - orc priest
Aim: an orc priest, wielding a +0 club (62% to hit)
You throw a boomerang of dispersal.
The boomerang of dispersal barely misses the orc wizard.
The boomerang of dispersal hits the orc priest.
The orc priest blinks!
The orc priest is moderately wounded.
The orc wizard casts a spell at you. You resist with some effort.
Throw: boomerang (disperse)
Press: ? - help, Q - select action, (/) - cycle Shift-Dir - straight line, f/p - orc priest
Aim: an orc priest, wielding a +0 club (moderately wounded, 62% to hit)
You throw a boomerang of dispersal. The orc hits you with a +0 dagger.
You aren't carrying any items that you can evoke.
You don't know any spells.
Sorry, you're not good enough to have a special ability.
It was a potion of attraction.
You feel attractive to monsters. The orc closely misses you.
The orc wizard mumbles some strange words.
The orc wizard flickers and vanishes!
Something hits you. Something is attracted toward you.
It was a potion of flight.
You feel very buoyant.
You fly up into the air.
The orc hits you with a +0 short sword.
* * * LOW HITPOINT WARNING * * *
Something hits you but does no damage. The orc barely misses you.
Something hits you but does no damage.
It was a potion of cancellation.
Your magical effects are unravelling.
You feel magically purged.
You float gracefully downwards.
You block the orc's attack. Something hits you.
* * * LOW HITPOINT WARNING * * *
The orc priest invokes the aid of Beogh against you.
Beogh smites you!
You die...

#..... #.#..o... ..#
......... ... ..#
....{.... .. ...# .......#
.# # ...##### ...So..###.#
##.##..#.## #...#@o.#
.#.....#...# ..#.##oSo{{.#
.#.........)
...$....o..###...........)
....####..####.........#..
.. #..........>....##[
#..............##..
##.............##..
##............#...
#........#.......#


You could see an orc priest, an orc wizard, an adder and 2 orcs.

Vanquished Creatures
  A hound (D:5)
  5 worms
  3 dart slugs
  4 orcs
  6 ball pythons
  8 bats
  6 endoplasms
  A giant cockroach (D:3)
  3 goblins
  9 hobgoblins
  3 jackals (D:3)
  7 kobolds
  4 quokkas
  2 frilled lizards
  2 rats
64 creatures vanquished.

Vanquished Creatures (others)
  3 demonic plants (D:2)
  A fungus (D:2)
  6 plants (D:2)
  3 withered plants (D:2)
13 creatures vanquished.

Grand Total: 77 creatures vanquished

Notes
Turn   | Place    | Note
-------+----------+-------------------------------------------
     0 | D:1      | frimble the Demonspawn Warper began the quest for the Orb.
     0 | D:1      | Reached XP level 1. HP: 16/16 MP: 3/3
    21 | D:1      | Found Goumonia's Assorted Antiques.
   110 | D:1      | Found Ronahoar's General Store.
   383 | D:1      | Gained mutation: A meltable shield of frost defends you.
                  | (SH +4) [demonic ancestry]
   383 | D:1      | Reached XP level 2. HP: 4/22 MP: 5/5
  1038 | D:1      | Found Hareroiz's Weapon Boutique.
  1336 | D:1      | Found Nuig Dao's General Store.
  1772 | D:1      | Found Maerijut's Weapon Shop.
  1826 | D:2      | Gained mutation: You sometimes gain a little power by
                  | taking damage. [demonic ancestry]
  1826 | D:2      | Reached XP level 3. HP: 21/27 MP: 6/6
  2333 | D:2      | Found a faded altar of an unknown god.
  3186 | D:3      | Gained mutation: You have a pair of small antennae on your
                  | head. [demonic ancestry]
  3186 | D:3      | Reached XP level 4. HP: 33/33 MP: 7/7
  4374 | D:5      | Entered Level 5 of the Dungeon
  4657 | D:5      | Killed from afar by an orc priest

Illustrated notes

Levels and vault maps discovered:
D:1:      amcnicky_arrival_abandoned_market, layout_rooms, serial_shops, shop,
          nicolae_shop_stone, nicolae_shop_advertising_works
          [nicolae_subvault_shop_adworks], nicolae_shop_statue_plus,
          shop_fountains
D:2:      layout_loops_ring, shapermc_ecumenical_altar_gd
D:3:      layout_basic
D:4:      layout_loops_ring, nicolae_overflow_hidden_temple,
          minmay_quadrilaterals
D:5:      layout_cave_pools, kiku_gazebo_pond_becter, ashenzari_altar_1,
          serial_park_tiny_2, sigmund_army

Skill      XL: |  1  2  3  4 |
---------------+-------------+-----
Short Blades   | 2 3 |  3.8
Dodging        | 2 3 |  3.1
Fighting       | |  2.0
Throwing       | |  0.8
Armour         | |  0.8
Spellcasting   | |  2.0
Translocations | |  2.6

Action                   |  1- 3 |  4- 6 || total
-------------------------+-------+-------++-------
Melee: Short sword       |   229 |   102 ||   331
       Punch             |     4 |     2 ||     6
Throw: Boomerang         |       |     5 ||     5
  Use: Scroll            |       |     5 ||     5
       Potion            |       |     3 ||     3
 Stab: Sleeping          |       |     1 ||     1
Armor: Leather armour    |    79 |    21 ||   100
Dodge: Dodged            |   149 |    51 ||   200
Block: Other             |    43 |    15 ||    58

Table legend: (Time is in decaauts)
 A = Elapsed time spent in this place.
 B = Non-inter-level travel time spent in this place.
 C = Inter-level travel time spent in this place.
 D = Time resting spent in this place.
 E = Time spent auto-exploring this place.
 F = Levels seen in this place.
 G = Mean time per level.
                   A        B        C        D        E       F      G
               +--------+--------+--------+--------+--------+-----+--------+
         Total |   4640 |   4517 |    123 |    146 |   3616 |   5 |  928.0 |
       Dungeon |   4640 |   4517 |    123 |    146 |   3616 |   5 |  928.0 |
               +--------+--------+--------+--------+--------+-----+--------+

Top non-repeatable levels by time:
     D:1: 1987 daAuts
     D:2: 1372 daAuts
     D:3: 851 daAuts
     D:5: 281 daAuts
     D:4: 148 daAuts
